 Dungeon Crawl Stone Soup version 0.23.2-33-g5129a83184 (webtiles) character file.

Game seed: 8161034629699290500

81 FishyPogo the Conjurer (level 4, 0/30 HPs)
             Began as a Human Conjurer on Aug 4, 2019.
             Slain by an adder (3 damage)
             ... on level 3 of the Dungeon.
             The game lasted 00:21:22 (2535 turns).

FishyPogo the Conjurer (Human Conjurer)             Turns: 2535, Time: 00:21:23

Health: 0/30       AC:  3    Str: 12 (14) XL:     4   Next: 67%
Magic:  0/7        EV: 12    Int: 14 (16) God:
Gold:   129        SH:  0    Dex: 10 (13) Spells: 4/7 levels left

rFire    . . .     SeeInvis .   a - +0 short sword (holy)
rCold    . . .     Gourm    .   (no shield)
rNeg     . . .     Faith    .   d - +0 leather armour
rPois    .         Spirit   .   (no helmet)
rElec    .         Reflect  .   (no cloak)
rCorr    .         Harm     .   (no gloves)
MR       .....                  (no boots)
Stlth    ++........             h - amulet of inaccuracy (curse)
HPRegen  0.10/turn              (no ring)
MPRegen  0.10/turn              (no ring)

@: mighty, lethally poisoned (0 -> -2), flying
A: no striking features
a: no special abilities


You were on level 3 of the Dungeon.
You were hungry.

You visited 1 branch of the dungeon, and saw 3 of its levels.

You collected 129 gold pieces.

Inventory:

Hand Weapons
 a - a +0 short sword of holy wrath (weapon)
 b - a +0 mace of protection
Armour
 d - a +0 leather armour (worn)
 g - a +0 robe
 s - a scarf of spirit shield
Jewellery
 h - a cursed amulet of inaccuracy (around neck)
Scrolls
 e - a scroll of noise {unknown}
 f - 2 scrolls of remove curse {unknown}
 i - a scroll of immolation {unknown}
 j - 3 scrolls of identify {unknown}
 k - a scroll of amnesia {unknown}
 m - 2 scrolls of magic mapping {unknown}
 n - a scroll of enchant weapon {unknown}
 o - 2 scrolls of teleportation {unknown}
Comestibles
 c - 8 rations
 r - a chunk of flesh


   Skills:
 + Level 2.5 Dodging
 + Level 2.6 Stealth
 + Level 2.4 Spellcasting
 * Level 4.9 Conjurations


You had 4 spell levels left.
You knew the following spells:

 Your Spells              Type           Power        Failure   Level  Hunger
a - Magic Dart            Conj           ###.         3%          1    #......
b - Searing Ray           Conj           ###...       6%          2    ###....

Your spell library contained the following spells:

 Spells                   Type           Power        Failure   Level  Hunger
 Dazzling Spray           Conj/Hex       #.....       30%         3    ###....
 Iskenderun's Mystic Bla  Conj           ###.....     36%         4    #####..
 Force Lance              Conj/Tloc      #.......     71%         4    #####..
 Fulminant Prism          Conj/Hex       #.........   71%         4    #####..


Dungeon Overview and Level Annotations

Branches:
Dungeon (3/15)

Altars:
Gozag


Message History

There was something very wrong with that liquid.
You feel weakened.
You feel dopey.
You feel clumsy.
* * * LOW HITPOINT WARNING * * *
You feel sick. The adder closely misses you.
It was a potion of flight.
You feel very buoyant.
You fly up into the air.
The adder bites you but does no damage.
It was a potion of might.
You feel very mighty all of a sudden.
* * * LOW HITPOINT WARNING * * *
You feel sick. The adder bites you but does no damage.
The adder closely misses you.
You closely miss the adder.
The adder is heavily wounded.
The adder closely misses you.
You closely miss the adder.
The adder is heavily wounded.
* * * LOW HITPOINT WARNING * * *
You feel sick. The adder bites you.
You die...

>.#.####.........
..#.##.................
..#.##.#..............
..#.##.#..######.....###
<.#.......# #....... .g
.###.#.#.## #.....# #g
.......#.# #...%.# #g
...#.###.##### #.....# #.
##..........(# #@....# #.
#####.#####.# #S...%# #.
#.#####.# #.....# #.#####.
#.##....# #.....# #b<..!..
#.##.#..###.....##.....#####
#.#..#....%.....##....=#
#.......####...........#
#.#...### ##.####.....#
##รท..## .# #.....#


You could see an adder.

Vanquished Creatures
  A gnoll (D:3)
  2 adders
  A leopard gecko (D:1)
  3 orcs (D:3)
  3 giant cockroaches
  10 hobgoblins
  3 jackals (D:2)
  4 kobolds
  2 quokkas
  2 ball pythons
  4 bats
  A frilled lizard (D:2)
  5 goblins
  2 rats (D:1)
43 creatures vanquished.

Vanquished Creatures (others)
  A ghoul (D:1)
  A draconian (D:1)
  A gargoyle (D:1)
  A vine stalker (D:1)
  A troll (D:1)
  A spriggan (D:1)
  2 formicids (D:1)
  A human (D:1)
  A dwarf (D:1)
  A mummy (D:1)
  A kobold (D:1)
  4 tentacles (D:1)
16 creatures vanquished.

Grand Total: 59 creatures vanquished

Notes
Turn   | Place    | Note
-------+----------+-------------------------------------------
     0 | D:1      | FishyPogo the Human Conjurer began the quest for the Orb.
     0 | D:1      | Reached XP level 1. HP: 13/13 MP: 3/3
     0 | D:1      | Noticed a vine stalker
     0 | D:1      | Noticed a dwarf
     0 | D:1      | Noticed a gargoyle
     0 | D:1      | Noticed a ghoul
     0 | D:1      | Noticed a draconian
     0 | D:1      | Noticed a spriggan
     0 | D:1      | Noticed a formicid
     0 | D:1      | Noticed a kraken
     0 | D:1      | Noticed a troll
     0 | D:1      | Noticed a human
     0 | D:1      | Noticed a formicid
     3 | D:1      | Killed a human
     6 | D:1      | Killed a draconian
     7 | D:1      | Killed a gargoyle
     8 | D:1      | Killed a formicid
     8 | D:1      | Killed a troll
    11 | D:1      | Killed a vine stalker
    12 | D:1      | Killed a spriggan
    12 | D:1      | Killed a dwarf
    14 | D:1      | Killed a ghoul
    14 | D:1      | Killed a formicid
   257 | D:1      | Reached XP level 2. HP: 10/19 MP: 1/5
   264 | D:1      | Learned a level 2 spell: Searing Ray
   865 | D:2      | Reached XP level 3. HP: 24/24 MP: 1/6
  1896 | D:3      | Found an opulent altar of Gozag.
  2014 | D:3      | Reached XP level 4. HP: 29/30 MP: 1/7
  2535 | D:3      | Slain by an adder

Action                   |  1- 3 |  4- 6 || total
-------------------------+-------+-------++-------
Melee: Short sword       |    46 |    25 ||    71
 Cast: Magic Dart        |    66 |    39 ||   105
       Searing Ray       |     1 |       ||     1
  Use: Potion            |       |     3 ||     3
 Stab: Sleeping          |     1 |       ||     1
  Eat: Chunk             |     4 |     2 ||     6
Armor: Leather armour    |    22 |    10 ||    32
       Robe              |     1 |       ||     1
Dodge: Dodged            |    41 |    25 ||    66
